 Dungeon Crawl Stone Soup version 0.22-b1-59-g0aedee7 (webtiles) character file.

65 Gremour the Slasher (level 3, -4/31 HPs)
             Began as a Draconian Chaos Knight on Aug 9, 2018.
             Slain by Crazy Yiuf
             ... wielding a +3 quarterstaff of chaos
              (5 damage)
             ... on level 2 of the Dungeon.
             The game lasted 00:07:57 (1629 turns).

Gremour the Slasher (Draconian Chaos Knight)        Turns: 1629, Time: 00:07:59

Health: -4/31      AC:  6    Str: 19    XL:     3   Next: 94%
Magic:  3/3        EV: 12    Int: 12    God:    Xom [..*...]
Gold:   82         SH:  0    Dex: 11    Spells: 2/2 levels left

rFire    . . .     SeeInvis +   a - +0 falchion (chaos)
rCold    . . .     Gourm    .   (no shield)
rNeg     . . .     Faith    .   (armour unavailable)
rPois    .         Spirit   .   (helmet restricted)
rElec    .         Reflect  .   (no cloak)
rCorr    .         Harm     .   f - +0 pair of gloves
MR       .....                  (no boots)
Stlth    +.........             (no amulet)
HPRegen  0.10/turn              p - ring of see invisible
MPRegen  0.08/turn              g - ring of wizardry

@: mighty
A: unfitting armour, cold-blooded, AC +5
a: Renounce Religion


You were on level 2 of the Dungeon.
You worshipped Xom.
You were a toy of Xom.
You were not hungry.

You visited 1 branch of the dungeon, and saw 2 of its levels.

You collected 82 gold pieces.

Inventory:

Hand Weapons
 a - a +0 falchion of chaos (weapon)
Missiles
 s - 7 tomahawks (quivered)
Armour
 f - a +0 pair of gloves (worn)
Jewellery
 g - a ring of wizardry (right hand)
 p - a ring of see invisible (left hand)
Scrolls
 d - 2 scrolls of remove curse {unknown}
 e - a scroll of magic mapping {unknown}
 k - 3 scrolls of teleportation {unknown}
 l - 8 scrolls of identify {unknown}
 r - a scroll of enchant armour {unknown}
Potions
 j - a potion of curing {unknown}
 m - a potion of brilliance {unknown}
 n - a potion of mutation {unknown}
 o - a potion of flight {unknown}
 q - a potion of resistance {unknown}
Comestibles
 b - 2 rations


   Skills:
 - Level 3.4 Fighting
 * Level 4.7 Long Blades
 - Level 2.1 Dodging


You had 2 spell levels left.
You didn't know any spells.
Your spell library was empty.

Dungeon Overview and Level Annotations

Branches:
Dungeon (2/15)

Altars:

Annotations:
D:2 Crazy Yiuf


Innate Abilities, Weirdness & Mutations

Your plain brown scales are hard. (AC +5)
You cannot fit into any form of body armour.
You are cold-blooded and may be slowed by cold attacks.


Message History

Crazy Yiuf drinks a potion.
Crazy Yiuf suddenly seems more agile.
Found a mace.
There is an open door here.
You slash Crazy Yiuf! You burn Crazy Yiuf.
Crazy Yiuf is moderately wounded.
Crazy Yiuf hits you with a quarterstaff of chaos!
Crazy Yiuf burns you.
You closely miss Crazy Yiuf.
Crazy Yiuf is moderately wounded.
Crazy Yiuf barely misses you.
You barely miss Crazy Yiuf.
Crazy Yiuf is moderately wounded.
Crazy Yiuf barely misses you.
You hit Crazy Yiuf. You freeze Crazy Yiuf.
Crazy Yiuf is heavily wounded.
Crazy Yiuf hits you with a quarterstaff of chaos!
* * * LOW HITPOINT WARNING * * *
A shower of butterflies erupts from you!
Crazy Yiuf freezes you.
You die...

#..#
#....#
#........#
##.#
♣P...♣
#........#
#.# ♣.P.♣♣
#........#
### ♣♣.♣♣
#........#
♣.♣♣
##########
♣♣.♣ ♣.♣♣
♣♣b♣ #@#
#bg.#
#.bb#
#..)#
#####


You could see Crazy Yiuf.

Vanquished Creatures
  2 adders (D:2)
  3 dart slugs
  3 leopard geckos
  3 bats
  4 goblins
  3 hobgoblins (D:1)
  7 jackals
  5 kobolds
  A quokka (D:2)
  A ball python (D:2)
  3 rats
35 creatures vanquished.

Notes
Turn   | Place    | Note
-------+----------+-------------------------------------------
     0 | D:1      | Gremour the Draconian Chaos Knight began the quest for the Orb.
     0 | D:1      | Reached XP level 1. HP: 19/19 MP: 1/1
   156 | D:1      | Reached XP level 2. HP: 17/26 MP: 2/2
   409 | D:1      | XOM: silly message
   745 | D:1      | Reached skill level 4 in Long Blades
   822 | D:2      | XOM: divination: magic mapping
   823 | D:2      | Reached XP level 3. HP: 27/31 MP: 3/3
   858 | D:2      | XOM: harmless Hex miscast
  1279 | D:2      | XOM: harmless Ice miscast
  1288 | D:2      | Found a runed door.
  1624 | D:2      | Noticed Crazy Yiuf
  1629 | D:2      | HP: 1/31 [Crazy Yiuf/quarterstaff of chaos (13)]
  1629 | D:2      | XOM: butterfly on damage
  1629 | D:2      | Slain by Crazy Yiuf

Skill      XL: |  1  2 |
---------------+-------+-----
Long Blades    | 4 |  4.7
Fighting       | |  3.4
Dodging        | |  2.1

Action                   || total
-------------------------++-------
Melee: Falchion          ||    91
       Tailslap          ||     8
  Use: Potion            ||     2
 Stab: Sleeping          ||     1
       Petrifying        ||     1
  Eat: Chunk             ||     2
Armor: Skin              ||    19
Dodge: Dodged            ||    63
       Rpst.: Falchion   ||    19
